 Dungeon Crawl Stone Soup version 0.29.1-1-gd02db6906a (webtiles) character file.

Game seed: 1917805807496278180

128 styxcanada the Sneak (level 4, -2/23 HPs)
             Began as a Spriggan Brigand on Oct 13, 2022.
             Slain by an orc wizard
             ... wielding a +0 dagger
              (3 damage)
             ... on level 3 of the Dungeon.
             The game lasted 00:09:25 (2103 turns).

styxcanada the Sneak (Spriggan Brigand)             Turns: 2103, Time: 00:09:25

Health: -2/23      AC:  3    Str: 12    XL:     4   Next: 87%
Magic:  0/0        EV: 16    Int: 12    God:
Gold:   88         SH:  6    Dex: 18    Spells: 2/4 levels left

rFire   . . .      SeeInvis +   a - +2 dagger
rCold   + + +      Faith    .   r - +1 buckler of Chimes {rC+++ MP-9 Str+5}
rNeg    . . .      Spirit   .   b - +0 robe
rPois   .          Reflect  .   (helmet restricted)
rElec   .          Harm     .   c - +0 cloak
rCorr   +          Rampage  .   (gloves unavailable)
Will    .....                   (boots unavailable)
Stlth   ++++......              (no amulet)
HPRegen 0.07/turn               q - ring of resist corrosion
MPRegen 0.07/turn               (no ring)

@: very quick
A: very small, no large weapons, unfitting armour, see invisible, speed 3
a: no special abilities


You were on level 3 of the Dungeon.
You visited 1 branch of the dungeon, and saw 3 of its levels.

You collected 88 gold pieces.

Inventory:

Hand Weapons
 a - a +2 dagger (weapon)
 i - a +0 sling
Missiles
 d - 2 poisoned darts (quivered)
 e - 5 curare-tipped darts
 f - 20 stones
Armour
 b - a +0 robe (worn)
 c - a +0 cloak (worn)
 p - a scarf of shadows
 r - the +1 buckler of Chimes (worn) {rC+++ MP-9 Str+5}
   (You acquired it on level 3 of the Dungeon)

   Str:       It affects your strength (+5).
   rC:        It renders you almost immune to cold.
   MP:        It affects your magic capacity (-9).
Jewellery
 q - a ring of resist corrosion (left hand)
Scrolls
 g - 2 scrolls of teleportation
 n - a scroll of identify
 o - a scroll of enchant weapon {unknown}
Potions
 j - a potion of lignification {unknown}
 k - a potion of attraction {unknown}
 l - a potion of haste {unknown}
 m - 2 potions of heal wounds {unknown}


   Skills:
 * Level 2.1 Fighting
 + Level 2.4 Short Blades
 + Level 0.3 Ranged Weapons
 + Level 2.2 Throwing
 * Level 2.1 Dodging
 * Level 7.9 Stealth
 * Level 0.2 Shields
 * Level 0.7 Spellcasting
 * Level 0.9 Hexes
 * Level 0.3 Ice Magic


You had 2 spell levels left.
You knew the following spells:

 Your Spells              Type           Power      Damage    Failure   Level
a - Ensorcelled Hibernat  Hex/Ice        2%         N/A       63%         2

Your spell library contained the following spells:

 Spells                   Type           Power      Damage    Failure   Level
 Passwall                 Tmut/Erth      0%         N/A       71%         2
 Swiftness                Air            0%         N/A       90%         3


Dungeon Overview and Level Annotations

Branches:
Dungeon (3/15)

Altars:
Yredelemnul


Innate Abilities, Weirdness & Mutations

You are very small and have problems with some larger weapons.
You are too small for most types of armour.
You have supernaturally acute eyesight. (SInv)
You cover ground extremely quickly. (Speed+++)


Message History

You block the orc wizard's attack.
You closely miss the orc wizard.
The orc wizard is heavily wounded.
You block the orc wizard's attack. The orc wizard casts a spell at you.
The puff of flame hits the orc wizard!
The orc wizard dies!
Items here: ))) [[[ ††.
You hit the orc wizard.
The orc wizard is lightly wounded.
The orc wizard points at you and mumbles some strange words.
The puff of flame hits you!
* * * LOW HITPOINT WARNING * * *
You hit the orc wizard.
The orc wizard is heavily wounded.
The orc wizard misses you.
You hit the orc wizard.
The orc wizard is heavily wounded.
The orc wizard hits you with a +0 dagger.
* * * LOW HITPOINT WARNING * * *
You hit the orc wizard.
The orc wizard is severely wounded.
The orc wizard closely misses you.
You closely miss the orc wizard.
The orc wizard is severely wounded.
You block the orc wizard's attack.
You hit the orc wizard but do no damage.
The orc wizard is severely wounded.
You block the orc wizard's attack.
You hit the orc wizard.
The orc wizard is almost dead.
The orc wizard hits you with a +0 dagger.
* * * LOW HITPOINT WARNING * * *
You closely miss the orc wizard.
The orc wizard is almost dead.
You block the orc wizard's attack.
You hit the orc wizard but do no damage.
The orc wizard is almost dead.
The orc wizard hits you with a +0 dagger.
You die...

###### #.##.......# #########
.....###+##o......# #.......#
...........(......# #.#.....#
...........o.###### #.#######
.......>.....# #####.......#
.............# #.........#.#
.....###....## #)........#.#
########....#######.........#.#
#.....(...o@...........+.#
#....#########.....)...###.
#......# ######.........
###....# #.######## #..†.#
#....#.... #....# ######.#....
#....# ..........### #..>.#
..........'.. ######
..........###


You could see an orc wizard.

Vanquished Creatures
  2 orc wizards
  An adder (D:2)
  2 worms (D:2)
  A dart slug (D:1)
  3 orcs
  5 endoplasms
  3 giant cockroaches
  6 goblins
  5 hobgoblins
  2 quokkas
  2 ball pythons
  6 bats
  3 frilled lizards
  4 kobolds
  3 rats
48 creatures vanquished.

Vanquished Creatures (others)
  An orc wizard (D:3)
1 creature vanquished.

Grand Total: 49 creatures vanquished

Notes
Turn   | Place    | Note
-------+----------+-------------------------------------------
     0 | D:1      | styxcanada the Spriggan Brigand began the quest for the
                  | Orb.
     0 | D:1      | Reached XP level 1. HP: 10/10 MP: 2/2
   133 | D:1      | Reached skill level 6 in Stealth
   281 | D:1      | Reached XP level 2. HP: 15/15 MP: 3/3
   974 | D:2      | Found a basalt altar of Yredelemnul.
  1027 | D:2      | Found a faded altar of an unknown god.
  1090 | D:2      | Reached XP level 3. HP: 18/18 MP: 4/4
  1124 | D:2      | Reached skill level 7 in Stealth
  1605 | D:2      | Learned a level 2 spell: Ensorcelled Hibernation
  1779 | D:2      | Reached XP level 4. HP: 23/23 MP: 5/5
  1905 | D:3      | Identified a scroll of acquirement
  1905 | D:3      | Acquired the +1 buckler of Chimes {rC+++ MP-9 Str+5}
  2101 | D:3      | HP: 1/23 [orc wizard/+0 dagger (3)]
  2103 | D:3      | Slain by an orc wizard

Illustrated notes

Levels and vault maps discovered:
D:1:      kilobyte_arrival_exit_the_forest, layout_basic
D:2:      layout_basic, basic_altar, dreamdust_ecumenical_altar_statues
D:3:      layout_basic

Skill      XL: |  1  2  3  4 |
---------------+-------------+-----
Stealth        | 6 7 |  7.9
Fighting       | 2 |  2.1
Dodging        | 2 |  2.1
Short Blades   | |  2.4
Ranged Weapons | |  0.3
Throwing       | |  2.2
Shields        | |  0.2
Spellcasting   | |  0.7
Hexes          | |  0.9
Ice Magic      | |  0.3

Action                   |  1- 3 |  4- 6 || total
-------------------------+-------+-------++-------
Melee: Dagger            |    72 |    45 ||   117
 Fire: Sling             |     2 |       ||     2
Throw: Dart              |    21 |     6 ||    27
  Use: Scroll            |     5 |     1 ||     6
       Potion            |       |     2 ||     2
 Stab: Sleeping          |    20 |     2 ||    22
Armor: Robe              |    10 |     5 ||    15
Dodge: Dodged            |    35 |    13 ||    48
Block: Buckler           |       |    12 ||    12
